[Event "1st Kallai Gabor Memorial Blitz 2022"]
[Site "Budapest"]
[Date "2022.12.01"]
[Round "9.1"]
[White "Bjerre, Jonas Buhl"]
[Black "Kozak, Adam"]
[Result "1-0"]
[ECO "C65"]
[WhiteElo "2622"]
[BlackElo "2538"]
[Annotator "TA"]
[PlyCount "59"]
[EventDate "2022.12.01"]
[EventType "blitz"]
[EventCountry "HUN"]
[SourceTitle "playchess.com"]
[Source "ChessBase"]
[SourceQuality "1"]
[TimeControl "300+3"]

1. e4 e5 2. Nf3 Nc6 3. Bb5 Nf6 4. d3 Bc5 5. c3 O-O 6. O-O {[%emt 0:00:02] C65: Ruy Lopez: Berlin Defence (3...Nf6), unusual lines and 4 0-0 Bc5.} Re8 7. Bg5 h6 {[%emt 0:00:30] Prevents d4. 7...a6 is more fashionable.} 8. Bh4 {[%emt 0:00:05] The position is equal.} a6 9. Ba4 Be7 10. Nbd2 d6 {[%emt 0:00:07] [#]} 11. h3 $146 ({Predecessor:} 11. d4 Bd7 12. Re1 Nh7 13. Bg3 Bf6 14. dxe5 Nxe5 15. Bxd7 Qxd7 16. Qc2 Nxf3+ 17. Nxf3 {½-½ (56) Kobalia,M (2654)-Landa,K (2600) Sochi 2006}) 11... Bd7 (11... Nh5 $5 12. Nxe5 dxe5 13. Bxe7 Qxd3 14. Qxh5 Qxd2 $14) 12. d4 (12. Bc2 $14) 12... exd4 $15 13. cxd4 {[%emt 0:00:50] [#]} Nxe4 $1 14. Nxe4 {[%emt 0:00:33] Hoping for Bg3.} Bxh4 15. Bc2 (15. Re1 $15) 15... Bf5 (15... Nb4 $17 {...Nxc2 is the strong threat.} 16. Nc3 Nxc2 17. Qxc2 Bf6) 16. Nc3 Bxc2 17. Qxc2 Bf6 18. Nd5 Nxd4 19. Nxd4 (19. Nxf6+ $15 Qxf6 20. Nxd4 Qxd4 21. Qxc7) 19... Bxd4 $17 20. Qxc7 Qg5 ({Stronger than} 20... Bxb2 21. Rab1 Ba3 22. Rb3 $15) 21. Qc4 Re4 {[%emt 0:00:18][%cal Od4f2] Strongly threatening ...Bxf2+!} 22. Qb3 b5 23. Rad1 Bc5 (23... Rc8 $142 24. Nb4 a5) 24. Rd3 Re2 25. Rf3 Rf8 (25... Rae8 $17) 26. Nf6+ $1 $11 {[%emt 0:00:14][%mdl 64] [#]} Kh8 ({Black should play} 26... gxf6 $14 27. Rg3 Re4) 27. Qd3 $16 {[%emt 0:00:01][%csl Gf6][%cal Rd3h7] Chess con chili.} Qg6 (27... gxf6 $16 28. Qxe2 Rg8) 28. Qxe2 $18 gxf6 29. Qe7 Kg7 (29... Rg8 30. Qxf6+ Qxf6 31. Rxf6 Kg7) 30. Kh1 {[%emt 0:00:10] Weighted Error Value: White=0.23 (precise) /Black=0.47} 1-0

[Event "1st Kallai Gabor Memorial Blitz 2022"]
[Site "Budapest"]
[Date "2022.12.01"]
[Round "9.2"]
[White "Motylev, Alexander"]
[Black "Horvath, Csaba"]
[Result "1/2-1/2"]
[ECO "C02"]
[WhiteElo "2628"]
[BlackElo "2502"]
[Annotator "TA"]
[PlyCount "32"]
[EventDate "2022.12.01"]
[EventType "blitz"]
[EventCountry "HUN"]
[SourceTitle "playchess.com"]
[Source "ChessBase"]
[SourceQuality "1"]
[TimeControl "300+3"]

1. e4 e6 2. d4 d5 3. e5 c5 4. c3 Qb6 5. Nf3 Bd7 6. Be2 cxd4 7. cxd4 Bb5 8. Nc3 {[%emt 0:00:02] The position is equal.} Bxe2 {[%emt 0:00:04] C02: French: Advance Variation.} 9. Nxe2 Nc6 10. O-O {[%emt 0:00:07] [#] A rather calm draw.} {Predecessor:} Nge7 $146 11. Ng3 Ng6 12. Nh5 Rc8 13. Be3 Rg8 14. Qe2 Be7 15. Rac1 Qa6 16. Qxa6 bxa6 {½-½ (66) Zhigalko,S (2572)-Bluebaum,M (2670) Chess.com INT 2021} 1/2-1/2

[Event "1st Kallai Gabor Memorial Blitz 2022"]
[Site "Budapest"]
[Date "2022.12.01"]
[Round "9.3"]
[White "Berkes, Ferenc"]
[Black "Gaal, Zsoka"]
[Result "1-0"]
[ECO "A00"]
[WhiteElo "2643"]
[BlackElo "2286"]
[Annotator "TA"]
[PlyCount "85"]
[EventDate "2022.12.01"]
[EventType "blitz"]
[EventCountry "HUN"]
[SourceTitle "playchess.com"]
[Source "ChessBase"]
[SourceQuality "1"]
[TimeControl "300+3"]

1. e3 g6 2. d4 Bg7 3. c4 Nf6 4. Nc3 d5 5. cxd5 Nxd5 6. Nxd5 {[%emt 0:00:01] D80: Grünfeld: Unusual White 4th moves and 4 Bg5.} Qxd5 7. Ne2 O-O 8. Nc3 {[%emt 0:00:01] Prevents c5. The position is equal.} Qd8 {[%emt 0:00:30][%cal Oc7c5] 8...Qd6 deserves study.} 9. Be2 e5 10. d5 c6 11. e4 Nd7 12. dxc6 bxc6 {[%emt 0:00:01] [#]} 13. Be3 $146 ({Predecessor:} 13. O-O Nc5 14. Qxd8 Rxd8 15. Bg5 Re8 16. Rac1 Ne6 17. Be3 Nd4 18. Bc4 Be6 19. Bxe6 Rxe6 {½-½ (53) Hovhannisyan,M (2479)-Sadkowsky,D (2255) Brasschaat 2010}) 13... Qa5 14. Qa4 Qxa4 15. Nxa4 f5 16. f3 a5 17. O-O-O Rb8 (17... fxe4 $142 18. fxe4 Nf6) 18. b3 {[%emt 0:00:26] White is more active.} Re8 19. Rd6 {[%emt 0:00:37] aiming for Rhd1.} Nf6 (19... Bf8 $16 {was necessary.} 20. Rxc6 (20. Bc4+ Kh8 $16) 20... Ba3+ 21. Nb2 fxe4) 20. Nc5 $18 ({Not} 20. Rxc6 Bd7 21. Rc7 Bxa4 22. bxa4 fxe4 $14) 20... fxe4 21. fxe4 Ng4 22. Bxg4 (22. Bc4+ $18 {and White stays clearly on top.} Kh8 23. Bd2) 22... Bxg4 $16 23. h3 Be2 {[%emt 0:00:26] [#]} ({Black should try} 23... Bf8 $1 $14 24. Rxc6 Be2) 24. Rxc6 $2 (24. Rd2 $1 $18 ) 24... Rec8 25. Rxc8+ {[%emt 0:00:03] White now steadily converts the win.} Rxc8 26. Kd2 Bb5 27. Rc1 Bf8 28. a4 Bc6 (28... Rd8+ $16 29. Ke1 Be8) 29. Nd3 $18 Bd6 30. Bb6 Bb7 $2 (30... Ba3) 31. Rxc8+ ({Weaker is} 31. Bxa5 Rxc1 32. Nxc1 (32. Kxc1 Bxe4 33. Ne1 Bc6 $14) 32... Bxe4 $14) 31... Bxc8 32. Bxa5 {[%emt 0:00:01][%mdl 4096] Endgame KBB-KBN} Bb7 33. Ke3 Kf7 34. Bc3 Kf6 35. b4 Bf8 (35... g5 $142 36. Nb2 Bc8) 36. b5 Bd6 37. a5 Bc7 38. Nc5 (38. b6 $142) 38... Ba8 39. Bb4 {[%emt 0:00:22] [#] And now b6 would win.} Bd6 40. Nd7+ Ke6 41. Bxd6 {[%emt 0:00:01] White threatens Nb6 and mate.} Kxd6 42. Nb6 Bb7 43. a6 {[%emt 0:00:03] Weighted Error Value: White=0.37/Black=0.94} 1-0

[Event "1st Kallai Gabor Memorial Blitz 2022"]
[Site "Budapest"]
[Date "2022.12.01"]
[Round "9.4"]
[White "Ruck, Robert"]
[Black "Beliavsky, Alexander G"]
[Result "1-0"]
[ECO "D41"]
[WhiteElo "2537"]
[BlackElo "2487"]
[Annotator "TA"]
[PlyCount "45"]
[EventDate "2022.12.01"]
[EventType "blitz"]
[EventCountry "HUN"]
[SourceTitle "playchess.com"]
[Source "ChessBase"]
[SourceQuality "1"]
[TimeControl "300+3"]

1. Nf3 Nf6 2. c4 e6 3. Nc3 d5 4. d4 c5 5. cxd5 cxd4 6. Qxd4 exd5 7. Bg5 Be7 8. e3 Nc6 {[%emt 0:00:02] D50: Queen's Gambit Declined: Dutch-Peruvian Gambit.} 9. Bb5 O-O 10. Bxc6 bxc6 {[%emt 0:00:01] The position is equal.} 11. O-O Qb6 12. Na4 Qxd4 13. Nxd4 Bd7 {[#] Hoping for ...c5.} 14. Rac1 {[%emt 0:00:03] Prevents c5.} Rfc8 {[%emt 0:00:02] [#] Strongly threatening ...c5.} 15. Bxf6 $146 ({Predecessor:} 15. Nb3 Rab8 16. f3 h6 17. Bh4 Rb4 18. Bxf6 Bxf6 19. Nac5 Bf5 20. Rf2 Re8 21. a3 Rxb3 22. Nxb3 Rxe3 {1-0 (43) Argishti,D (1996)-Milliken,W (1683) San Francisco 2008}) 15... Bxf6 16. Rc2 Rab8 17. Rfc1 g6 18. b3 (18. Nc5 $5 Be8 19. h3 $14) 18... Bxd4 19. exd4 Be8 (19... Bf5 $11 20. Rc3 (20. Rxc6 Rxc6 21. Rxc6 Rb4 $11) 20... Rb4) 20. Nc5 $16 Kf8 21. Re1 {[%emt 0:00:05] White is more active.} Rd8 (21... Ra8 $16 22. Rce2 Rc7) 22. Rce2 $18 Rb4 $2 {[%emt 0:00:04] [#]} (22... Bd7 23. Re7 Be6 24. Rxa7 (24. Nxe6+ Kxe7 25. Nxd8+ Kxd8 $11) 24... Re8) 23. Rxe8+ $1 {[%emt 0:00:04][%mdl 512] Weighted Error Value: White=0.08 (flawless) /Black=0.37} 1-0

[Event "1st Kallai Gabor Memorial Blitz 2022"]
[Site "Budapest"]
[Date "2022.12.01"]
[Round "9.5"]
[White "Borhy, Marcell"]
[Black "Troff, Kayden"]
[Result "1/2-1/2"]
[ECO "A05"]
[WhiteElo "2407"]
[BlackElo "2483"]
[Annotator "TA"]
[PlyCount "37"]
[EventDate "2022.12.01"]
[EventType "blitz"]
[EventCountry "HUN"]
[SourceTitle "playchess.com"]
[Source "ChessBase"]
[SourceQuality "1"]
[TimeControl "300+3"]

1. Nf3 Nf6 2. c4 g6 3. d4 Bg7 4. g3 O-O 5. Bg2 c6 6. O-O d5 7. Qa4 Nbd7 8. cxd5 cxd5 9. Nc3 Nb6 10. Qb3 Ne4 {[%emt 0:00:09] D78: Fianchetto Grünfeld: 6 0-0 c6.} 11. Bf4 Nxc3 12. Qxc3 Bf5 {[%emt 0:00:17] [#] An uneventful encounter.   Weighted Error Value: White=0.06 (flawless) /Black=0.00 (flawless)} {Predecessor:} 13. Rfc1 $146 Qd7 14. b3 Rfc8 15. Qa5 Bc2 16. Ne5 Qe6 17. Qd2 Bf5 18. a4 g5 19. Be3 {1-0 (68) Movsziszian,K (2473)-Shyam,N (2465) Merida 2022} 1/2-1/2